Map: Catalyst LE

Players

LiquidTLO (TLO)

  • Race: Zerg Zerg
  • Spawn Location: 5:00

Elazer - Winner!

  • Race: Zerg Zerg
  • Spawn Location: 11:00

Event: WCS Leipzig 2018

VOD

Have the link to the VOD?

Description

Time

  • Played on: Jan. 26, 2018, 12:39 p.m.
  • Length: 8:42

All games in this series

Show
View Real Time Build Order
Export as new Build Order

LiquidTLO Zerg 

Build Orders: Hatch First, Zergling Baneling 

Get SALT Encoding   

  12  0:00  Drone  
  13  0:12  Overlord  
  13  0:17  Drone  
  14  0:31  Drone x2  
  16  0:49  Hatchery  
  15  0:51  Drone  
  15  0:55  Drone  
  17  1:10  Spawning Pool  
  16  1:12  Drone  
  16  1:14  Extractor  
  16  1:17  Drone  
  17  1:23  Drone  
  18  1:35  Drone  
  19  1:41  Overlord  
  19  1:56  Queen  
  19  1:57  Zergling x2  
  19  2:00  Zergling x2  
  23  2:01  Queen  
  23  2:02  Drone  
  26  2:14  Drone x2  
  28  2:18  Metabolic Boost  
  28  2:21  Drone  
  29  2:24  Drone  
  30  2:33  Zergling x2  
  31  2:42  Drone  
  32  2:45  Hatchery  
  32  2:49  Overlord  
  31  2:55  Baneling Nest  
  30  2:58  Zergling x2  
  30  2:59  Drone  
  30  3:02  Drone  
  33  3:09  Drone  
  33  3:10  Zergling x2  
  33  3:12  Zergling x4  
  37  3:18  Zergling x2  
  37  3:19  Zergling x2  
  39  3:20  Zergling x2  
  39  3:21  Zergling x2  
  39  3:24  Zergling x2  
  42  3:27  Zergling x2  
  41  3:36  Zergling x2  
  41  3:39  Baneling x3  
  40  3:41  Zergling x2  
  40  3:42  Baneling x2  
  40  3:45  Drone  
  40  3:48  Drone  
  42  3:57  Zergling x4  
  42  3:58  Drone x2  
  42  3:59  Drone  
  46  4:05  Roach Warren  
  46  4:06  Overlord  
  45  4:13  Extractor  
  45  4:15  Drone, Extractor  
  45  4:16  Overlord  
  44  4:21  Baneling x3  
  43  4:26  Drone x2  
  43  4:27  Drone  
  43  4:28  Drone x2  
  48  4:32  Drone  
  48  4:37  Drone  
  50  4:46  Roach  
  50  4:51  Drone  
  51  4:54  Drone  
  51  4:56  Roach  
  51  4:58  Drone  
  51  4:59  Drone  
  51  5:02  Drone  
  51  5:05  Drone, Hatchery  
  52  5:10  Lair  
  51  5:24  Evolution Chamber  
  51  5:26  Evolution Chamber  
  51  5:27  Queen  
  52  5:29  Overlord  
  52  5:31  Overlord  
  52  5:33  Overlord  
  52  5:38  Overlord  
  52  5:41  Overlord  
  52  5:46  Overlord  
  52  5:47  Overlord  
  52  5:48  Drone x2  
  53  5:50  Drone  
  53  5:52  Drone x2  
  56  6:00  Roach  
  56  6:01  Roach  
  52  6:05  Roach  
  52  6:06  Roach  
  56  6:12  Glial Reconstitution  
  56  6:13  Roach  
  56  6:14  Roach  
  56  6:17  Roach  
  62  6:20  Zerg Missile Weapons Level 1  
  62  6:23  Roach  
  64  6:27  Queen  
  64  6:30  Drone x2  
  68  6:33  Drone  
  68  6:34  Drone  
  68  6:35  Drone  
  68  6:38  Drone  
  68  6:39  Drone  
  73  6:40  Drone  
  73  6:42  Drone  
  73  6:43  Drone  
  73  6:45  Overseer  
  76  6:49  Roach  
  76  6:50  Roach  
  76  6:53  Roach  
  82  6:59  Drone, Hydralisk Den  
  82  7:00  Drone  
  83  7:03  Extractor  
  83  7:04  Drone  
  83  7:07  Roach  
  87  7:08  Roach x2  
  87  7:10  Roach  
  87  7:13  Roach  
  93  7:17  Roach  
  93  7:19  Ravager  
  97  7:23  Roach  
  97  7:25  Ravager x2  
  97  7:27  Roach  
  97  7:28  Spine Crawler  
  104  7:30  Roach  
  104  7:31  Overlord  
  104  7:34  Roach  
  104  7:35  Roach  
  105  7:38  Roach  
  105  7:40  Roach  
  105  7:41  Overlord  
  105  7:42  Roach  
  111  7:44  Unknown, Roach  
  111  7:48  Overlord  
  111  7:49  Overlord  
  113  7:54  Roach x2  
  117  8:00  Roach  
  117  8:05  Roach  
  121  8:06  Ravager, Roach  
  121  8:09  Ravager  
  125  8:14  Roach x2  
  125  8:15  Drone  
  125  8:16  Drone  
  125  8:17  Extractor  
  125  8:18  Roach x2  
  134  8:22  Roach  
Show
View Real Time Build Order
Export as new Build Order

Elazer Zerg - Winner!

Build Orders: Hatch First 

Get SALT Encoding   

  12  0:00  Drone  
  13  0:12  Overlord  
  13  0:16  Drone  
  14  0:30  Drone x2  
  14  0:34  Drone  
  17  0:51  Hatchery  
  17  0:54  Drone  
  17  0:57  Drone  
  17  0:59  Extractor  
  17  1:13  Spawning Pool  
  17  1:16  Drone  
  17  1:19  Drone  
  18  1:28  Drone  
  19  1:39  Overlord  
  19  1:59  Metabolic Boost, Queen  
  19  2:00  Zergling x4  
  23  2:03  Queen  
  23  2:07  Zergling x2  
  26  2:12  Drone  
  26  2:14  Drone  
  28  2:22  Drone  
  29  2:24  Drone  
  30  2:34  Drone  
  31  2:41  Hatchery  
  30  2:45  Overlord  
  30  2:48  Zergling x2  
  30  2:50  Zergling x2  
  32  2:54  Drone  
  32  2:57  Drone  
  34  3:10  Zergling x10  
  39  3:14  Zergling x6  
  42  3:21  Overlord  
  42  3:24  Baneling Nest  
  41  3:27  Drone  
  41  3:33  Zergling x2  
  43  3:40  Drone  
  42  3:43  Drone  
  42  3:44  Queen  
  42  3:46  Drone x2  
  42  3:47  Zergling x4  
  49  3:53  Zergling x2  
  49  3:54  Zergling x2  
  49  4:07  Drone  
  49  4:09  Baneling x3  
  50  4:14  Drone x2  
  50  4:15  Drone x3  
  55  4:19  Overlord  
  55  4:20  Drone  
  55  4:21  Extractor  
  55  4:23  Drone, Roach Warren  
  54  4:25  Drone  
  54  4:28  Drone  
  54  4:31  Drone x2  
  58  4:37  Drone x2  
  58  4:38  Drone  
  61  4:42  Drone x3  
  61  4:45  Overlord  
  64  4:50  Overlord  
  60  5:00  Overlord  
  60  5:03  Drone  
  60  5:04  Drone x3, Extractor  
  60  5:05  Overlord  
  60  5:06  Roach  
  60  5:07  Roach  
  64  5:12  Roach x2  
  68  5:15  Roach x2  
  68  5:18  Roach  
  73  5:22  Overlord  
  73  5:23  Roach  
  73  5:27  Overlord  
  75  5:29  Roach x2  
  79  5:36  Overlord  
  79  5:37  Lair  
  79  5:39  Drone x2  
  79  5:40  Extractor  
  79  5:41  Drone  
  81  5:43  Overlord  
  81  5:49  Drone  
  82  5:52  Evolution Chamber  
  82  5:55  Baneling  
  82  5:56  Baneling  
  82  5:57  Overlord  
  79  5:58  Drone x5  
  79  6:02  Overlord  
  79  6:03  Drone  
  81  6:07  Overlord  
  81  6:09  Drone x2  
  82  6:13  Roach  
  82  6:15  Overlord  
  82  6:18  Zerg Missile Weapons Level 1  
  84  6:23  Roach x2  
  84  6:25  Roach  
  90  6:29  Roach x2  
  94  6:33  Roach  
  94  6:34  Roach  
  94  6:37  Roach x2  
  102  6:41  Roach x2  
  102  6:46  Roach x3  
  112  6:49  Roach  
  112  6:50  Roach  
  116  6:55  Roach x3  
  116  6:58  Roach  
  123  7:03  Glial Reconstitution  
  123  7:05  Overseer  
  123  7:08  Roach x3  
  129  7:13  Roach x2  
  133  7:19  Roach x4  
  141  7:25  Roach x3  
  141  7:28  Overlord  
  147  7:36  Roach x5  
  156  7:41  Overlord  
  156  7:42  Overlord  
  156  7:46  Roach  
  156  7:47  Roach x2  
  162  7:55  Roach  
  162  7:56  Roach x3  
  170  8:00  Roach x2  
  170  8:04  Roach x3  
  180  8:07  Roach  
  180  8:08  Roach  
  184  8:15  Roach  
  184  8:18  Overlord x2  
Tags
 
Add a new tag
Caveats
  • Supply blocks, unpowered buildings, or Contaminate may cause inaccurate times.
  • Supply counts are checked every 10 seconds.